 Dungeon Crawl Stone Soup version 0.28-a0-726-g4a9143789a (webtiles) character file.

Game seed: 16804408886806234622

829 lawman0 the Slasher (level 7, -6/55 HPs)
             Began as a Barachi Warper on Oct 27, 2021.
             Killed from afar by an acid dragon (16 damage)
             ... with a splash of acid
             ... on level 4 of the Dungeon.
             The game lasted 00:07:25 (4193 turns).

lawman0 the Slasher (Barachi Warper)                Turns: 4193, Time: 00:07:26

Health: -6/55      AC:  3    Str: 10    XL:     7   Next: 97%
Magic:  8/11       EV: 12    Int: 16    God:
Gold:   173        SH:  0    Dex: 11    Spells: 1/11 levels left

rFire   . . .      SeeInvis .   a - +0 long sword
rCold   . . .      Faith    .   (no shield)
rNeg    . . .      Spirit   .   b - +0 leather armour
rPois   .          Reflect  .   (no helmet)
rElec   +          Harm     .   (no cloak)
rCorr   .          Rampage  .   (no gloves)
Will    +....                   (no boots)
Stlth   +.........              i - amulet of regeneration
HPRegen 1.18/turn               (no ring)
MPRegen 0.12/turn               (no ring)

@: on blink cooldown, slow
A: amphibious, slowness 1, strong legs 1, +LOS, strong-willed 1, sense
surroundings 1, electricity resistance, weak 1
a: Hop


You were on level 4 of the Dungeon.
You visited 1 branch of the dungeon, and saw 4 of its levels.
You also visited: Sewer.

You collected 173 gold pieces.

Inventory:

Hand Weapons
 a - a +0 long sword (weapon)
 h - a +0 great sword
 k - a +0 falchion
Missiles
 d - 5 boomerangs of dispersal
 g - 6 poisoned darts (quivered)
Armour
 b - a +0 leather armour (worn)
Jewellery
 i - an amulet of regeneration (around neck)
Wands
 j - a wand of polymorph (6)
Scrolls
 e - a scroll of teleportation
 l - a scroll of amnesia
 m - a scroll of magic mapping {unknown}
 n - 2 scrolls of fog
Potions
 c - a potion of mutation


   Skills:
 + Level 4.3 Fighting
 + Level 6.2 Long Blades
 + Level 2.5 Throwing
 + Level 4.8 Armour
 + Level 4.4 Dodging
 + Level 0.2 Stealth
 + Level 2.7 Spellcasting
 + Level 3.7 Translocations


You had one spell level left.
You knew the following spells:

 Your Spells              Type           Power      Damage    Failure   Level
a - Blink                 Tloc           28%        N/A       9%          2
b - Teleport Other        Tloc           14%        N/A       17%         3
c - Manifold Assault      Tloc           14%        N/A       83%         5

Your spell library contained the following spells:

 Spells                   Type           Power      Damage    Failure   Level
 Gell's Gravitas          Tloc           7%         N/A       17%         3
 Lesser Beckoning         Tloc           14%        N/A       17%         3


Dungeon Overview and Level Annotations

Branches:
Dungeon (4/15)              Sewer (visited)
 Temple: D:4-7

Altars:


Innate Abilities, Weirdness & Mutations

You are amphibious.
You cover ground slowly.
You can hop short distances.
You have an extended range of vision and can be seen from far away.
You are strong-willed. (Will+)
You passively map a small area around you.
You are resistant to electric shocks. (rElec)
You are weak. (Str -2)


Message History

Press: ? - help, Q - select action, (/) - cycle Shift-Dir - straight line, f - steam dragon
Aim: a steam dragon (moderately wounded, 59% to hit)
You throw a poisoned dart.
The poisoned dart barely misses the steam dragon.
Throw: 9 darts (poison)
Press: ? - help, Q - select action, (/) - cycle Shift-Dir - straight line, f/p - steam dragon
Aim: a steam dragon (moderately wounded, 59% to hit)
You throw a poisoned dart.
The poisoned dart hits the steam dragon.
The steam dragon is poisoned.
The steam dragon is moderately wounded.
Throw: 8 darts (poison)
Press: ? - help, Q - select action, (/) - cycle Shift-Dir - straight line, f/p - steam dragon
Aim: a steam dragon (moderately wounded, poisoned, 59% to hit)
You throw a poisoned dart.
The poisoned dart closely misses the steam dragon.
Throw: 7 darts (poison)
Press: ? - help, Q - select action, (/) - cycle Shift-Dir - straight line, f/p - steam dragon
Aim: a steam dragon (moderately wounded, poisoned, 59% to hit)
You throw a poisoned dart.
The poisoned dart hits the steam dragon.
The steam dragon looks even sicker.
The steam dragon is moderately wounded.
The steam dragon breathes steam at you. The ball of steam hits you!!
* * * LOW HITPOINT WARNING * * *
Unknown command.
Okay, then.
The steam dragon barely misses you.
The steam dragon claws you but does no damage.
Casting: Blink (safe; 9% risk of failure)
Confirm with . or Enter, or press ? or * to list all spells.
You blink.
Aiming: Polymorph
Press: ? - help, Shift-Dir - straight line, f/p - steam dragon
Aim: a steam dragon (moderately wounded, very poisoned, catching its breath, will become a swamp drake, an acid dragon, or a bat, chance to affect: 46%)
The steam dragon evaporates and reforms as an acid dragon!
The acid dragon spits acid at you. The splash of acid hits you!
You die...

#. #.# #.
#.# * , #.*
#.# #.###
#.# * ,,
##...## #.#
#.....###.#
#(....(D(§#
#.(...#####
##.@.# * *
#..## * #((#
,,,,,,
###..######
#).<.......
#.#########,
, , #.# *, *
#)# , #.#
#..


You could see an acid dragon (catching breath).

Vanquished Creatures
  Pikel (D:4)
  An ogre (D:4)
  2 hounds (D:4)
  10 adders
  4 gnolls
  A howler monkey skeleton (D:3)
  3 worms (D:2)
  A dart slug (D:1)
  2 orcs (D:4)
  6 ball pythons
  4 bats
  6 endoplasms
  4 giant cockroaches
  5 goblins
  6 hobgoblins
  8 kobolds
  3 quokkas
  6 frilled lizards (Sewer)
  4 rats
77 creatures vanquished.

Notes
Turn   | Place    | Note
-------+----------+-------------------------------------------
     0 | D:1      | lawman0 the Barachi Warper began the quest for the Orb.
     0 | D:1      | Reached XP level 1. HP: 17/17 MP: 3/3
   417 | D:1      | Reached XP level 2. HP: 23/23 MP: 5/5
   557 | D:1      | Reached skill level 3 in Long Blades
   873 | D:1      | Reached XP level 3. HP: 25/28 MP: 6/6
  1254 | D:1      | Found a faded altar of an unknown god.
  2008 | D:2      | Reached XP level 4. HP: 3/34 MP: 8/8
  3413 | D:4      | Found a glowing drain.
  3416 | Sewer    | Entered a sewer
  3441 | Sewer    | Reached skill level 4 in Long Blades
  3441 | Sewer    | Reached XP level 5. HP: 40/40 MP: 9/9
  3721 | D:4      | Gained mutation: You passively map a small area around you.
                  | [potion of mutation]
  3721 | D:4      | Gained mutation: You are weak. (Str -2) [potion of
                  | mutation]
  3721 | D:4      | Gained mutation: You are strong-willed. (Will+) [potion of
                  | mutation]
  3721 | D:4      | Gained mutation: You are resistant to electric shocks.
                  | (rElec) [potion of mutation]
  3722 | D:4      | oh
  3769 | D:4      | Identified the +1 robe of the Insatiable Tables {Int+2}
  3861 | D:4      | Noticed a lemure
  3871 | D:4      | Noticed Pikel
  3910 | D:4      | Reached skill level 5 in Long Blades
  3910 | D:4      | Reached XP level 6. HP: 35/47 MP: 10/10
  3920 | D:4      | Killed Pikel
  3921 | D:4      | Reached skill level 6 in Long Blades
  3921 | D:4      | Reached XP level 7. HP: 16/54 MP: 11/11
  3927 | D:4      | Learned a level 2 spell: Blink
  3940 | D:4      | Learned a level 3 spell: Teleport Other
  3946 | D:4      | Learned a level 5 spell: Manifold Assault
  4168 | D:4      | Noticed a steam dragon
  4193 | D:4      | a steam dragon changed into an acid dragon
  4193 | D:4      | Killed from afar by an acid dragon

Illustrated notes

* * # ##.#
...#.
,....#####
#......# *
#..$≈≈≈#
*#.≈≈≈r#
#.≈≈SB#
#≈≈≈S@#
#######


Turn 3722 on D:4: oh

Levels and vault maps discovered:
D:1:      roderic_octagonal_star, layout_basic,
          shapermc_ecumenical_altar_mp_urbaneastern
D:2:      minmay_door_path, layout_basic
D:3:      layout_rooms, serial_glass, glass_columns_a, glass_columns_b,
          glass_columns_c, minmay_strange_pillars, minmay_strange_pillars,
          grunt_decor_fettered, kennysheep_cluttered_room, serial_bayou_pond_c
D:4:      layout_loops_ring, portal_sewer_entry_b, serial_glass,
          glass_columns_a, glass_columns_a, uniq_menkaure, uniq_pikel

Skill      XL: |  1  2  3  4  5  6 |
---------------+-------------------+-----
Long Blades    | 3 4 5 6 |  6.2
Armour         | 2 4 |  4.8
Fighting       | 3 4 |  4.3
Dodging        | 3 4 |  4.4
Throwing       | 2 |  2.5
Stealth        | |  0.2
Spellcasting   | |  2.7
Translocations | |  3.7

Action                   |  1- 3 |  4- 6 |  7- 9 || total
-------------------------+-------+-------+-------++-------
Melee: Falchion          |    56 |       |       ||    56
       Great sword       |    58 |    50 |       ||   108
       Long sword        |       |   135 |    32 ||   167
Throw: Dart              |     6 |    16 |    32 ||    54
 Cast: Blink             |       |       |     4 ||     4
 Abil: Hop               |       |     1 |       ||     1
Evoke: Wand              |       |       |     1 ||     1
  Use: Scroll            |       |     7 |     1 ||     8
       Potion            |       |     6 |     1 ||     7
Armor: Leather armour    |    41 |    63 |     4 ||   108
Dodge: Dodged            |   117 |   156 |    26 ||   299

Table legend: (Time is in decaauts)
 A = Elapsed time spent in this place.
 B = Non-inter-level travel time spent in this place.
 C = Inter-level travel time spent in this place.
 D = Time resting spent in this place.
 E = Time spent auto-exploring this place.
 F = Levels seen in this place.
 G = Mean time per level.
                   A        B        C        D        E       F      G
               +--------+--------+--------+--------+--------+-----+--------+
         Total |   4745 |   4670 |     75 |    586 |   2983 |   5 |  949.0 |
       Dungeon |   4388 |   4313 |     75 |    586 |   2772 |   4 | 1097.0 |
         Sewer |    356 |    356 |      0 |      0 |    210 |   1 |  356.0 |
               +--------+--------+--------+--------+--------+-----+--------+

Top non-repeatable levels by time:
     D:2: 1473 daAuts
     D:1: 1414 daAuts
     D:3: 914 daAuts
     D:4: 586 daAuts
   Sewer: 356 daAuts
